 Dungeon Crawl Stone Soup version 0.23.0 (webtiles) character file.

Game seed: 12326100208992960107

12 inmateoo the Insei (level 2, 0/23 HPs)
             Began as a Gnoll Transmuter on Feb 10, 2019.
             Slain by an adder (2 damage)
             ... on level 2 of the Dungeon.
             The game lasted 00:00:27 (257 turns).

inmateoo the Insei (Gnoll Transmuter)                Turns: 257, Time: 00:00:28

Health: 0/23       AC:  2    Str: 12    XL:     2   Next: 33%
Magic:  3/7        EV: 14    Int: 15    God:
Gold:   22         SH:  0    Dex: 15    Spells: 7/10 levels left

rFire    . . .     SeeInvis .     - Unarmed
rCold    . . .     Gourm    .   (no shield)
rNeg     + . .     Faith    .   b - +0 robe
rPois    .         Spirit   .   (no helmet)
rElec    .         Reflect  .   (no cloak)
rCorr    .         Harm     .   (no gloves)
MR       .....                  (boots currently unavailable)
Stlth    ++........             (no amulet)
HPRegen  0.07/turn              e - ring of positive energy
MPRegen  0.10/turn              (no ring)

@: lethally poisoned (0 -> -11), appendage (expiring), very slightly
contaminated
A: distributed training, fangs 1, talons 3, strong nose
a: End Transformation


You were on level 2 of the Dungeon.
You were not hungry.
You had grown temporary talons.
You visited 1 branch of the dungeon, and saw 2 of its levels.

You collected 22 gold pieces.

Inventory:

Missiles
 a - 11 arrows
Armour
 b - a +0 robe (worn)
Jewellery
 e - a ring of positive energy (left hand)
Scrolls
 c - a scroll of fear {unknown}
 f - a scroll of identify {unknown}
Comestibles
 d - a ration


   Skills:
 + Level 2.4 Fighting
 + Level 0.3 Short Blades
 + Level 0.3 Long Blades
 + Level 0.3 Axes
 + Level 0.3 Maces & Flails
 + Level 0.3 Polearms
 + Level 0.3 Staves
 + Level 0.3 Slings
 + Level 0.3 Bows
 + Level 0.3 Crossbows
 + Level 0.3 Throwing
 + Level 0.3 Armour
 + Level 4.4 Dodging
 + Level 0.3 Stealth
 + Level 0.3 Shields
 + Level 6.4 Unarmed Combat
 + Level 4.9 Spellcasting
 + Level 0.2 Conjurations
 + Level 0.2 Hexes
 + Level 0.2 Charms
 + Level 0.2 Summonings
 + Level 0.2 Necromancy
 + Level 0.2 Translocations
 + Level 3.7 Transmutations
 + Level 0.2 Fire Magic
 + Level 0.2 Ice Magic
 + Level 0.2 Air Magic
 + Level 0.2 Earth Magic
 + Level 0.2 Poison Magic
 + Level 0.4 Invocations
 + Level 0.3 Evocations


You had 7 spell levels left.
You knew the following spells:

 Your Spells              Type           Power        Failure   Level  Hunger
a - Beastly Appendage     Tmut           ##....       3%          1    None
b - Sticks to Snakes      Tmut           ##......     5%          2    ##.....

Your spell library contained the following spells:

 Spells                   Type           Power        Failure   Level  Hunger
 Spider Form              Tmut/Pois      #.........   22%         3    ###....
 Ice Form                 Ice/Tmut       #.......     58%         4    ####...
 Blade Hands              Tmut           ##........   69%         5    ######.


Dungeon Overview and Level Annotations

Branches:
Dungeon (1/15)

Altars:


Innate Abilities, Weirdness & Mutations

Your experience applies equally to all skills.
You have very sharp teeth.
Your uncanny sense of smell can sniff out nearby items.
You have claws for feet.


Message History

You are too injured to fight recklessly!
You are too injured to fight recklessly!
Unknown command.
You are too injured to fight recklessly!
Unknown command.
You aren't carrying any potions.
Unknown command.
The adder closely misses you. The adder bites you.
Found a large shield.
* * * LOW HITPOINT WARNING * * *
You feel sick. The adder bites you.
* * * LOW HITPOINT WARNING * * *
You are more poisoned.
The adder poisons you!
Your transformation is almost over.
* * * LOW HITPOINT WARNING * * *
You feel sick.
* * * LOW HITPOINT WARNING * * *
You feel sick. The adder bites you.
You die...

####### ...#.....##
..........##
...../(....#
...........#
..>......rS#######.
..........S@.......
...........######..
...........#
...#.>......
##########.[ #.


You could see 2 adders and a rat.

Vanquished Creatures
  A dart slug (D:1)
  3 bats (D:1)
  2 giant cockroaches (D:1)
  2 hobgoblins (D:1)
  2 rats (D:1)
10 creatures vanquished.

Notes
Turn   | Place    | Note
-------+----------+-------------------------------------------
     0 | D:1      | inmateoo the Gnoll Transmuter began the quest for the Orb.
     0 | D:1      | Reached XP level 1. HP: 17/17 MP: 6/6
    56 | D:1      | Reached XP level 2. HP: 14/23 MP: 7/7
   210 | D:1      | Learned a level 2 spell: Sticks to Snakes
   244 | D:1      | You fall through a shaft!
   257 | D:2      | Slain by an adder

Action                   || total
-------------------------++-------
Melee: Unarmed           ||    35
       Bite              ||     3
 Cast: Sticks to Snakes  ||     1
       Beastly Appendage ||     1
Armor: Robe              ||     6
Dodge: Dodged            ||    23
